 Dungeon Crawl Stone Soup version 0.18-a0-1027-g814d7dd (webtiles) character file.

23 M4edhros the Charlatan (level 2, 0/18 HPs)
             Began as an Octopode Artificer on Jan 7, 2016.
             Slain by an adder (5 damage)
             ... on level 2 of the Dungeon.
             The game lasted 00:01:10 (817 turns).

M4edhros the Charlatan (Octopode Artificer)          Turns: 817, Time: 00:01:10

Health: 0/18       AC:  1    Str: 10    XL:     2   Next: 95%
Magic:  4/4        EV: 12    Int: 14    God:
Gold:   53         SH:  3    Dex: 12    Spells: 0 memorised, 1 level left

rFire  + . .     SeeInvis .     a - +0 short sword
rCold  + . .     Gourm    .     e - +0 buckler
rNeg   . . .     Faith    .     (helmet restricted)
rPois  +         Spirit   .     (no amulet)
rElec  +         Dismiss  .     (no ring)
rCorr  +         Reflect  .     (no ring)
SustAt .         Harm     .     (no ring)
MR     .....                    (no ring)
Stlth  +++.......               (no ring)
                                (no ring)
                                (no ring)
                                (no ring)

@: lethally poisoned (0 -> -12), resistant, not resistant to hostile
enchantments, fairly stealthy
A: almost no armour, amphibious, 8 rings, constrict 8, camouflage 1, gelatinous
body 1
a: no special abilities


You were on level 2 of the Dungeon.
You were not hungry.

You visited 1 branch of the dungeon, and saw 2 of its levels.

You collected 53 gold pieces.

Inventory:

Hand Weapons
 a - a +0 short sword (weapon)
Missiles
 k - 18 stones (quivered)
 n - 10 sling bullets of flame
Armour
 e - a +0 buckler (worn)
Magical Staves
 l - an uncursed staff of power {unknown}
Wands
 b - a wand of flame (12/48)
 c - a wand of enslavement (15/24)
 d - a wand of random effects (15/48)
Scrolls
 g - 2 scrolls of remove curse {unknown}
 i - a scroll of identify {unknown}
Comestibles
 f - 2 bread rations
 h - a meat ration
 j - 5 fruits


   Skills:
 - Level 1.0 Fighting
 - Level 1.0 Short Blades
 * Level 2.5 Dodging
 * Level 3.0 Stealth
 + Level 0.4 Shields
 + Level 3.3 Evocations


You had one spell level left.
You didn't know any spells.

Dungeon Overview and Level Annotations

Branches:
Dungeon (2/15)

Altars:


Innate Abilities, Weirdness & Mutations

You cannot wear most types of armour.
You are amphibious.
You can wear up to eight rings at the same time.
You can use your tentacles to constrict eight enemies at once.
Your skin changes colour to match your surroundings (Stealth).
Your rubbery body absorbs attacks (AC +1).


Message History

You miss the adder. Your grab misses the adder. Your squeeze misses the adder.
The adder is severely wounded.
The adder bites you. x2
You are poisoned.
The adder poisons you!
You miss the adder. Your grab misses the adder. Your squeeze misses the adder.
The adder is severely wounded.
You feel sick. The adder bites you.
You are more poisoned.
The adder poisons you!
Evoke which item? (* to show all) (? for menu, Esc to quit)
Zapping:
b - a wand of flame (13/48)
Press: ? - help, Shift-Dir - straight line, f - adder
Aim: an adder (severely wounded)
The puff of flame hits the adder.
The adder is almost dead.
This wand has 12 charges left.
* * * LOW HITPOINT WARNING * * *
You feel sick. The adder bites you.
You die...

####...........#
####...........#
..##...........#######
..#..................#
..#..................#
.....................###
.##......###............
.#........##.....S......
....#+#†..#.....@.......
.#<##+#...#.####...#....
.#.................# #
.÷.....##........).#
.......##..............
.......##....######.....
.......##....# .....
......)##....# ....#
..############ ...#


You could see an adder.

Vanquished Creatures
  A ball python (D:1)
  4 giant cockroaches
  3 hobgoblins
  2 jackals (D:2)
  A kobold (D:1)
  3 bats
  A giant newt (D:1)
  6 rats
21 creatures vanquished.

Notes
Turn   | Place    | Note
--------------------------------------------------------------
     0 | D:1      | M4edhros the Octopode Artificer began the quest for the Orb.
     0 | D:1      | Reached XP level 1. HP: 13/13 MP: 3/3
   290 | D:1      | Reached XP level 2. HP: 16/18 MP: 4/4
   817 | D:2      | Slain by an adder

Vault maps used:
D:1:      dpeg_arrival_pits, minmay_misc_feat_roman
D:2:      old_standard_altar, fedhas_altar_1

Action                   || total
-------------------------++-------
Melee: Short sword       ||    49
Evoke: Wand              ||     3
  Use: Potion            ||     1
 Stab: Sleeping          ||     6
